 Dungeon Crawl Stone Soup version 0.27.1-3-gb3d3a73c9e (webtiles) character file.

Game seed: 8991383580269979716

44 H0rd4k the Charlatan (level 3, 0/26 HPs)
             Began as a Human Artificer on Oct 20, 2021.
             Succumbed to an adder's poison
             ... on level 2 of the Dungeon.
             The game lasted 00:01:40 (2115 turns).

H0rd4k the Charlatan (Human Artificer)              Turns: 2115, Time: 00:01:41

Health: 0/26       AC:  3    Str: 13    XL:     3   Next: 87%
Magic:  3/3        EV: 11    Int: 11    God:
Gold:   15         SH:  0    Dex: 13    Spells: 2/2 levels left

rFire    . . .     SeeInvis .   h - +0 short sword
rCold    . . .     Faith    .   (no shield)
rNeg     . . .     Spirit   .   b - +0 leather armour
rPois    .         Reflect  .   (no helmet)
rElec    .         Harm     .   (no cloak)
rCorr    .         Rampage  .   (no gloves)
Will     .....                  (no boots)
Stlth    +.........             (no amulet)
HPRegen  0.08/turn              (no ring)
MPRegen  0.08/turn              (no ring)

@: lethally poisoned (0 -> -8), flying
A: no striking features
a: no special abilities


You were on level 2 of the Dungeon.
You visited 1 branch of the dungeon, and saw 2 of its levels.

You collected 15 gold pieces.

Inventory:

Hand Weapons
 h - a +0 short sword (weapon)
Armour
 b - a +0 leather armour (worn)
Wands
 c - a wand of flame (9) (quivered)
 d - a wand of charming (14)
Scrolls
 g - a scroll of teleportation {unknown}
Miscellaneous
 e - a piece from Xom's chessboard (15/15)


   Skills:
 + Level 1.5 Fighting
 + Level 0.8 Short Blades
 - Level 2.0 Armour
 + Level 1.5 Dodging
 - Level 1.0 Stealth
 + Level 3.9 Evocations


You had 2 spell levels left.
You didn't know any spells.
Your spell library was empty.

Dungeon Overview and Level Annotations

Branches:
Dungeon (2/15)

Altars:


Message History

Aiming: Throw Flame
Press: ? - help, Shift-Dir - straight line, f - adder
Aim: an adder (53% to hit)
The puff of flame hits the adder!
The adder is almost dead.
The adder bites you but does no damage.
Aiming: Throw Flame
Press: ? - help, Shift-Dir - straight line, f/p - adder
Aim: an adder (almost dead, 53% to hit)
The puff of flame misses the adder.
The adder misses you.
You barely miss the adder.
The adder is almost dead.
The adder bites you. x2
You are poisoned.
The adder poisons you!
You closely miss the adder.
The adder is almost dead.
You feel sick. The adder bites you but does no damage.
You miss the adder.
The adder is almost dead.
You feel sick. The adder bites you.
You are more poisoned.
The adder poisons you! The adder bites you.
You are more poisoned.
The adder poisons you!
Unknown command.
Aiming: Throw Flame
Press: ? - help, Shift-Dir - straight line, f/p - adder
Aim: an adder (almost dead, 53% to hit)
The puff of flame hits the adder!
You kill the adder!
* * * LOW HITPOINT WARNING * * *
You feel very sick.
It was a potion of flight.
You feel very buoyant.
You fly up into the air.
* * * LOW HITPOINT WARNING * * *
You feel very sick.
There is a lethal amount of poison in your body!
You die...

....... ..... ...## .... #..#
.#. #.### >.# #...# #.. ###.#
#..## #.# #...# #@### #.#.###
#...# #.....#####.#
###.#.......# #####.
#.#.......####.......
##########.#........##.[.......
....##.....#.(.†..#.#..........
............(.....#.#..........
...............................


There were no monsters in sight!

Vanquished Creatures
  An adder (D:2)
  4 endoplasms
  2 giant cockroaches (D:1)
  2 goblins (D:1)
  A hobgoblin (D:1)
  7 jackals (D:1)
  A kobold (D:1)
  2 quokkas (D:1)
  4 ball pythons
  2 bats (D:1)
  3 frilled lizards
  4 rats
33 creatures vanquished.

Vanquished Creatures (others)
  A kobold (D:1)
1 creature vanquished.

Grand Total: 34 creatures vanquished

Notes
Turn   | Place    | Note
-------+----------+-------------------------------------------
     0 | D:1      | H0rd4k the Human Artificer began the quest for the Orb.
     0 | D:1      | Reached XP level 1. HP: 15/15 MP: 1/1
   659 | D:1      | Reached XP level 2. HP: 13/21 MP: 2/2
  1192 | D:1      | Found a faded altar of an unknown god.
  1224 | D:1      | Reached XP level 3. HP: 24/26 MP: 3/3
  2115 | D:2      | Succumbed to an adder's poison

Illustrated notes

Levels and vault maps discovered:
D:1:      wheals_arrival_linesprint, layout_basic,
          hellmonk_ecumenical_altar_inner_sanctum, chequers_decorated_corner
D:2:      layout_rooms

Action                   || total
-------------------------++-------
Melee: Club              ||    65
       Short sword       ||    81
Evoke: Wand              ||     7
  Use: Potion            ||     1
 Stab: Sleeping          ||     2
Armor: Leather armour    ||    52
Dodge: Dodged            ||   103
